Map: Old Republic LE

Players

Indy - Winner!

  • Race: Terran Terran
  • Spawn Location: 1:00

A.I. 1 (Very Hard)

  • Race: Protoss Protoss
  • Spawn Location: 7:00

VOD

Have the link to the VOD?

Description

Time

  • Played on: Dec. 8, 2025, 7:35 a.m.
  • Length: 11:52
Show
View Real Time Build Order
Export as new Build Order

Indy Terran - Winner!

Build Orders: Reaper Expand 

Get SALT Encoding   

  12  0:00  SCV  
  13  0:12  SCV  
  14  0:17  Supply Depot  
  14  0:24  SCV  
  15  0:38  SCV  
  15  0:40  Barracks  
  16  0:43  Refinery  
  16  0:50  SCV  
  17  1:02  SCV  
  18  1:15  SCV  
  19  1:27  Reaper, Orbital Command  
  20  1:38  Command Center  
  20  1:48  Supply Depot  
  20  1:53  SCV  
  21  1:59  Barracks Reactor  
  21  2:01  Barracks  
  21  2:05  SCV  
  22  2:12  Barracks  
  22  2:17  SCV  
  24  2:30  Refinery, SCV  
  24  2:35  Marine x2  
  26  2:42  SCV  
  27  2:50  Barracks Tech Lab  
  27  2:52  Orbital Command  
  27  2:54  SCV  
  28  2:59  Marine x2  
  28  3:00  Barracks Tech Lab  
  30  3:06  SCV  
  30  3:09  Marine  
  30  3:10  Stimpack  
  32  3:17  Bunker, Marine x2  
  32  3:18  SCV  
  32  3:19  Marine  
  36  3:22  SCV  
  37  3:27  Marine  
  37  3:28  Supply Depot  
  37  3:30  SCV  
  37  3:32  Combat Shield  
  39  3:34  Marine x2  
  39  3:37  Marine  
  39  3:39  SCV  
  43  3:42  SCV  
  43  3:48  Supply Depot  
  44  3:53  SCV  
  44  3:54  Marine x3  
  44  3:55  Marine  
  49  3:57  SCV  
  50  4:09  SCV x2  
  52  4:12  Marine x2, Marauder  
  52  4:13  Marauder  
  52  4:14  Engineering Bay  
  58  4:18  Supply Depot  
  58  4:21  Supply Depot  
  58  4:22  SCV  
  58  4:23  SCV  
  60  4:29  Marine  
  60  4:30  Marine  
  62  4:37  Factory  
  62  4:40  SCV x2, Marauder x2  
  62  4:43  Terran Infantry Weapons Level 1  
  68  4:47  Marine x2  
  68  4:51  Refinery  
  68  4:52  SCV x2  
  72  4:54  Concussive Shells  
  72  5:02  Marauder x2  
  72  5:05  Marine x2  
  72  5:06  Supply Depot  
  78  5:08  Supply Depot  
  78  5:16  SCV  
  78  5:17  SCV  
  80  5:22  Starport, Factory Reactor  
  80  5:23  Marine, Marauder x2  
  80  5:24  Marine  
  86  5:31  Supply Depot x2  
  86  5:32  SCV  
  86  5:34  SCV  
  88  5:37  Refinery  
  88  5:42  Marine x2  
  89  5:44  Marauder  
  89  5:47  Marauder  
  89  5:48  SCV  
  95  5:50  SCV  
  96  6:04  Marine x2  
  96  6:06  Medivac x2, Marauder  
  96  6:08  Marauder  
  106  6:19  Barracks  
  106  6:20  Barracks  
  106  6:23  Supply Depot  
  106  6:25  Supply Depot  
  106  6:29  Marauder  
  106  6:30  Marauder  
  106  6:31  Marine  
  111  6:32  Marine  
  111  6:36  Medivac  
  111  6:39  Medivac  
  116  6:49  SCV x2  
  118  6:57  Command Center  
  118  7:02  Marine, Marauder  
  118  7:03  Marine, Marauder  
  125  7:17  Barracks Reactor  
  125  7:18  Barracks Tech Lab  
  119  7:23  Marine  
  119  7:24  Marine, Marauder x2  
  119  7:25  Medivac x2  
  119  7:27  SCV x2  
  128  7:32  Factory Reactor  
  128  7:33  Starport  
  128  7:38  Marauder  
  128  7:41  Marine x2  
  132  7:44  Terran Infantry Armor Level 1  
  132  7:45  Marauder  
  134  7:54  Supply Depot x2  
  134  7:55  SCV x2, Marauder  
  138  8:03  Viking x2  
  142  8:07  SCV x2  
  142  8:09  Orbital Command  
  144  8:18  Marauder x2  
  144  8:19  Marine x2, Marauder  
  152  8:21  Marine  
  152  8:24  SCV  
  152  8:25  SCV  
  155  8:29  Viking  
  155  8:30  Viking  
  159  8:34  Viking x2  
  159  8:39  SCV  
  159  8:40  SCV x2  
  166  8:42  Refinery  
  166  8:46  Armory  
  166  8:47  Engineering Bay  
  166  8:51  Marauder x2  
  166  8:52  Marine, Marauder  
  166  8:53  Marine  
  166  8:54  Marine  
  166  8:55  Marine  
  176  9:01  Supply Depot  
  176  9:03  Viking  
  176  9:04  Viking  
  176  9:06  Viking x2  
  184  9:22  Marauder x2  
  188  9:33  Viking  
  188  9:34  Viking, Marauder  
  188  9:35  Viking  
  196  9:41  Viking  
  196  9:45  Missile Turret x2  
  176  10:02  Marine x2, Marauder x3  
  176  10:03  Marine x2  
  186  10:12  Barracks x2  
  186  10:14  Barracks  
  186  10:17  Command Center, SCV  
  186  10:18  SCV x2  
  189  10:23  Ghost Academy  
  189  10:25  Refinery  
  189  10:29  SCV  
  189  10:30  SCV x2  
  192  10:37  Marauder  
  192  10:38  Medivac, Marauder x2  
  190  11:06  Barracks Tech Lab x2  
  190  11:07  Barracks Reactor  
  190  11:09  Barracks Tech Lab  
  190  11:10  Marine x2  
  190  11:11  Marine x2  
  191  11:27  Marauder x3  
  191  11:28  Marine, Marauder  
Show
View Real Time Build Order
Export as new Build Order

A.I. 1 (Very Hard) Protoss 

Build Orders: 1 Gate Expand 

Get SALT Encoding   

  12  0:00  Probe  
  13  0:13  Probe  
  14  0:19  Pylon  
  14  0:25  Probe  
  15  0:33  Probe  
  15  0:42  Probe  
  17  0:50  Gateway  
  17  0:52  Probe  
  18  1:00  Probe  
  19  1:13  Probe  
  19  1:17  Nexus  
  20  1:26  Probe  
  21  1:36  Pylon  
  21  1:37  Zealot  
  23  1:43  Cybernetics Core  
  23  1:47  Assimilator  
  23  1:54  Probe  
  24  2:02  Probe  
  25  2:10  Probe  
  26  2:19  Pylon  
  26  2:20  Probe  
  27  2:25  Probe  
  28  2:32  Probe, Gateway  
  28  2:33  Probe  
  28  2:39  Warp Gate  
  28  2:44  Assimilator  
  28  2:45  Probe  
  28  2:47  Probe  
  30  2:53  Stalker  
  32  2:58  Probe  
  32  3:01  Probe, Pylon  
  33  3:09  Probe  
  33  3:11  Probe  
  34  3:13  Adept  
  37  3:23  Probe, Adept  
  40  3:28  Probe  
  40  3:32  Robotics Facility  
  41  3:35  Probe  
  41  3:38  Adept  
  41  3:40  Probe  
  43  3:47  Probe  
  46  3:52  Probe  
  46  3:53  Adept  
  49  3:59  Probe  
  49  4:00  Adept  
  50  4:04  Probe  
  53  4:11  Probe  
  53  4:13  Pylon  
  53  4:16  Probe  
  55  4:23  Probe, Adept, Robotics Bay  
  58  4:27  Probe  
  58  4:28  Pylon  
  59  4:32  Observer  
  59  4:38  Probe  
  60  4:40  Probe, Pylon  
  62  4:50  Gateway  
  62  4:53  Robotics Facility  
  62  5:01  Stalker  
  64  5:10  Stalker  
  64  5:12  Pylon  
  66  5:24  Zealot, Pylon  
  66  5:28  Zealot  
  70  5:38  Gateway  
  70  5:43  Zealot  
  70  5:44  Zealot, Probe, Stalker  
  70  5:46  Assimilator  
  77  5:50  Twilight Council  
  77  5:52  Forge  
  77  5:55  Pylon  
  77  5:57  Sentry, Assimilator  
  79  6:08  Probe x2  
  79  6:09  Forge  
  81  6:16  Probe  
  81  6:21  Probe  
  81  6:24  Probe  
  83  6:29  Templar Archives  
  83  6:32  Photon Cannon  
  84  6:35  Pylon  
  84  6:51  Zealot  
  84  6:52  Warp Prism  
  88  6:56  Zealot x2  
  88  6:57  Gateway, Nexus  
  88  6:58  Stalker  
  94  7:02  Photon Cannon  
  94  7:04  Photon Cannon  
  94  7:05  Stalker  
  96  7:16  Stalker, Sentry  
  96  7:21  Zealot, Pylon  
  84  7:25  Zealot, Immortal  
  70  7:34  High Templar  
  72  7:39  Stalker  
  72  7:41  Sentry  
  76  7:45  Zealot  
  78  7:51  Stalker  
  80  7:59  Zealot  
  80  8:01  Zealot, Immortal  
  80  8:02  Stalker  
  80  8:03  Adept  
  92  8:14  Stalker  
  92  8:15  Zealot  
  96  8:20  Pylon  
  96  8:21  Zealot, Immortal  
  96  8:24  Adept  
  96  8:25  Zealot  
  106  8:35  High Templar  
  106  8:37  Zealot  
  106  8:39  Zealot  
  106  8:40  Nexus, Immortal, Pylon  
  116  8:42  Zealot  
  116  8:44  Stalker  
  120  8:53  Zealot  
  122  8:57  Zealot  
  122  9:01  Archon  
  122  9:02  Zealot  
  126  9:05  Pylon  
  126  9:06  Zealot  
  126  9:07  Zealot, High Templar  
  132  9:17  High Templar  
  132  9:23  Zealot  
  136  9:25  Zealot  
  136  9:27  Zealot  
  136  9:28  Pylon  
  140  9:39  Zealot  
  142  9:47  Stalker, Immortal  
  142  9:49  Sentry, Pylon  
  132  9:53  Adept  
  132  9:57  Adept  
  96  10:02  High Templar  
  96  10:05  Stalker  
  84  10:10  Stalker  
  84  10:13  Stalker  
  88  10:15  Probe  
  88  10:16  Archon  
  88  10:17  High Templar  
  88  10:18  Probe  
  88  10:19  Probe  
  93  10:24  High Templar  
  93  10:27  Probe  
  96  10:32  Zealot  
  96  10:33  Archon  
  96  10:35  Zealot  
  100  10:37  High Templar  
  100  10:40  Assimilator  
  102  10:44  Assimilator  
  102  10:49  Zealot, Stalker  
  105  10:52  Zealot  
  105  10:55  Zealot  
  106  10:57  Probe  
  106  11:03  High Templar  
  76  11:09  High Templar  
  57  11:14  Stalker  
  58  11:21  Stalker  
Tags
 
Add a new tag
Caveats
  • Supply blocks, unpowered buildings, or Contaminate may cause inaccurate times.
  • Supply counts are checked every 10 seconds.